 Dungeon Crawl Stone Soup version 0.16-a0-3939-g9a3e665 (webtiles) character file.

176 abixa the Poker (level 5, -8/38 HPs)
             Began as a Merfolk Skald on Feb 6, 2015.
             Mangled by an iguana (10 damage)
             ... on level 4 of the Dungeon.
             The game lasted 00:11:05 (3895 turns).

abixa the Poker (Merfolk Skald)                     Turns: 3895, Time: 00:11:05

Health: -8/38      AC:  4    Str: 12    XL:     5   Next: 56%
Magic:  9/9        EV: 12    Int: 12    God:
Gold:   262        SH:  0    Dex: 14    Spells: 2 memorised, 5 levels left

rFire  . . .     SeeInvis .     a - +0 spear
rCold  . . .     Clarity  .     b - +0 leather armour
rNeg   . . .     SustAb   .     (no shield)
rPois  .         Gourm    .     E - +0 helmet
rElec  .         Spirit   .     (no cloak)
rCorr  .         Warding  .     (no gloves)
rMut   .         Stasis   .     (no boots)
MR     .....                    (no amulet)
Stlth  +.........               (no ring)
                                (no ring)

@: infused, not resistant to hostile enchantments, very unstealthy
A: change form in water, swift swim
a: no special abilities


You were on level 4 of the Dungeon.
You were not hungry.

You visited 1 branch of the dungeon, and saw 4 of its levels.

You collected 262 gold pieces.

Inventory:

Hand weapons
 a - a +0 spear (weapon)
 j - a +2 short sword of electrocution
 l - a +0 hunting sling
Missiles
 e - 148 stones (quivered)
 o - 72 bolts
 p - 41 arrows
 D - 4 needles of sleeping
Armour
 b - a +0 leather armour (worn)
 E - a +0 helmet (worn)
Jewellery
 s - a +4 ring of intelligence {unknown}
 u - an uncursed ring of protection from cold {unknown}
Scrolls
 h - 2 scrolls of identify {unknown}
 i - a scroll of enchant armour {unknown}
 n - a scroll of amnesia {unknown}
 q - 2 scrolls of enchant weapon {unknown}
 r - a scroll of recharging {unknown}
 v - 2 scrolls of teleportation {unknown}
 w - a scroll of blinking {unknown}
 x - 2 scrolls of magic mapping {unknown}
 y - a scroll of fear {unknown}
Potions
 f - a potion of magic {unknown}
 g - a potion of invisibility {unknown}
 k - a potion of poison {unknown}
 m - a potion of brilliance {unknown}
 z - a potion of restore abilities {unknown}
 C - a potion of agility {unknown}
 F - a potion of curing {unknown}
Books
 c - a book of Battle

   Spells                             Type                      Level
   a - Infusion                       Charms                       1
   b - Shroud of Golubria             Charms/Translocation         2
   c - Song of Slaying                Charms                       2
   d - Spectral Weapon                Hexes/Charms                 3
   e - Regeneration                   Charms/Necromancy            3
Comestibles
 d - 2 bread rations
 t - a slice of pizza
 A - a meat ration
 B - a beef jerky


   Skills:
 - Level 2.1 Fighting
 + Level 6.8 Polearms
 - Level 0.6 Armour
 + Level 3.1 Dodging
 - Level 2.0 Spellcasting
 + Level 4.0 Charms


You had 5 spell levels left.
You knew the following spells:

 Your Spells              Type           Power        Failure   Level  Hunger
a - Infusion              Chrm           ##....       8%          1    ##.....
b - Song of Slaying       Chrm           ##......     12%         2    ###....


Dungeon Overview and Level Annotations

Branches:
Dungeon (4/15)
 Temple: D:4-7

Altars:
Fedhas
Gozag
Makhleb
Nemelex Xobeh
Qazlal
Ru
Zin
The Shining One

Annotations:
D:2 Sigmund
D:3 exclusion: oklob plant


Message History

You hit the iguana.
The iguana is almost dead.
The iguana bites you but does no damage.
You barely miss the iguana.
The iguana is almost dead.
The iguana bites you!
* * * LOW HITPOINT WARNING * * *
You barely miss the iguana.
The iguana is almost dead.
The iguana misses you.
Your leather armour prevents you from hitting the iguana.
The iguana is almost dead.
Press: ? - help, v - describe, . - travel
Here: an iguana (almost dead)
The floor, spattered with blood.
Evoke which item? (* to show all) (? for menu, Esc to quit)
Okay, then.
Unknown command.
The iguana bites you!
You die...

. .#...########
#....(...l..#######
.......###@.......#
..)........#####.#
......#.##.# #.#
.....##.##.# #.#
#.#....##.##.# #.##
# ........#.##.#
#..# .#.# #.
#..#....#.# ##.#
...#. #. #.<..#..#.#
#.#
####<##.##.#.##..#.#
#.#


You could see an iguana.

Vanquished Creatures
  A hound (D:4)
  Terence (D:2)
  3 adders (D:2)
  An adder skeleton (D:4)
  4 giant geckos
  2 oozes (D:3)
  8 orcs
  2 ball pythons
  7 bats
  11 hobgoblins
  3 jackals (D:1)
  14 kobolds
  3 quokkas
  3 giant cockroaches
  2 giant newts (D:2)
  10 goblins
  12 rats
87 creatures vanquished.

Notes
Turn   | Place    | Note
--------------------------------------------------------------
     0 | D:1      | abixa, the Merfolk Skald, began the quest for the Orb.
     0 | D:1      | Reached XP level 1. HP: 16/16 MP: 3/3
   187 | D:1      | Reached skill level 4 in Polearms
   187 | D:1      | Reached XP level 2. HP: 22/22 MP: 4/4
   363 | D:1      | Learned a level 2 spell: Song of Slaying
   403 | D:1      | Found a sparkling altar of Nemelex Xobeh.
   757 | D:1      | Reached XP level 3. HP: 27/27 MP: 6/6
   762 | D:1      | Reached skill level 5 in Polearms
  1215 | D:2      | Found an opulent altar of Gozag.
  1315 | D:2      | Found a glowing silver altar of Zin.
  1827 | D:2      | Reached XP level 4. HP: 33/33 MP: 2/7
  1898 | D:2      | Found a glowing golden altar of the Shining One.
  1947 | D:2      | Noticed Sigmund
  2026 | D:2      | Reached skill level 6 in Polearms
  2206 | D:2      | Noticed Terence
  2291 | D:2      | Killed Terence
  3001 | D:3      | Reached XP level 5. HP: 36/38 MP: 2/9
  3171 | D:3      | Found a sacrificial altar of Ru.
  3231 | D:3      | Found a blossoming altar of Fedhas.
  3246 | D:3      | Noticed an oklob plant
  3550 | D:3      | Found a stormy altar of Qazlal.
  3552 | D:3      | Found a burning altar of Makhleb.
  3892 | D:4      | HP: 1/38 [iguana (10)]
  3895 | D:4      | Mangled by an iguana

Action                   |  1- 3 |  4- 6 || total
-------------------------+-------+-------++-------
Melee: Spear             |   143 |   213 ||   356
 Cast: Infusion          |     3 |    12 ||    15
       Song of Slaying   |       |     1 ||     1
  Eat: Chunk             |     3 |     7 ||    10
